AoeStats
← Carple

Migration

505118686Analyzed
1v1 RM · 25d ago on Sep 7, 2026· 25m 39s· 2 players
Game mode
Random Map
Map size
132×132
Population
200
Speed
Normal
Resources
Standard
Victory
Conquest
Starting age
Dark Age
Ending age
Imperial Age
RankedLock teamsTeams togetherTeam positionsShared explorationLock speedFull tech treeHidden civsTurbo modeCheats
Victory
Defeat
🇨🇦 Spanish · Canada
1240
+15
🇧🇷 Khitans · Brazil
1209
-15
l'entourloupe
11:56 Feudal Age
12:28 Double-Bit Axe
13:51 Forging
17:02 Loom
19:39 Castle Age
18:31 Scale Mail Armor
20:41 Medium Warships
20:43 Gold Mining
20:16 Man-at-Arms
21:28 Chain Mail Armor
21:52 Iron Casting
21:06 Long Swordsman
Carple
14:02 Feudal Age
12:19 Loom
14:47 Double-Bit Axe
15:20 Fishing Lines
18:40 Forging
20:36 Castle Age
19:20 Fletching
21:03 Horse Collar
21:38 Medium Warships
22:17 Iron Casting
25:34 Padded Archer Armor
26:08 Husbandry
Connection lost

Rejoining the realm…

Still unreachable

The connection could not be restored.

Session expired

The server has moved on; the page needs a fresh start.